Map: Pillars of Gold LE

Players

Imazing

  • Race: Zerg Zerg
  • League: Platinum
  • Spawn Location: 7:00

Slaight - Winner!

  • Race: Protoss Protoss
  • League: Platinum
  • Spawn Location: 1:00

VOD

Have the link to the VOD?

Description

Time

  • Played on: Aug. 14, 2020, 2:31 p.m.
  • Length: 7:17
Show
View Real Time Build Order
Export as new Build Order

Imazing Zerg 

Build Orders: Hatch First 

Get SALT Encoding   

  12  0:00  Drone  
  13  0:12  Overlord  
  13  0:17  Drone  
  14  0:30  Drone x2  
  14  0:34  Drone  
  17  0:54  Hatchery  
  16  0:58  Drone  
  17  1:13  Spawning Pool  
  17  1:14  Extractor  
  17  1:16  Drone  
  16  1:31  Drone x3  
  19  1:58  Overlord  
  19  2:02  Zergling x2  
  19  2:06  Zergling x2  
  19  2:08  Queen x2  
  21  2:10  Zergling x2  
  26  2:28  Metabolic Boost  
  26  2:32  Drone x4  
  30  2:44  Drone x2  
  32  2:51  Overlord  
  32  2:53  Overlord  
  32  2:57  Drone  
  32  3:08  Drone x2  
  34  3:13  Zergling x2  
  35  3:21  Extractor, Drone  
  35  3:24  Drone x5  
  40  3:27  Pneumatized Carapace  
  40  3:35  Roach Warren  
  40  3:39  Drone x2  
  40  3:40  Evolution Chamber  
  39  4:01  Queen  
  41  4:07  Zergling x2  
  41  4:08  Hatchery, Zergling x8  
  44  4:19  Drone x2  
  44  4:20  Drone  
  44  4:21  Overlord  
  44  4:23  Overlord  
  47  4:48  Drone x3  
  47  4:49  Drone x5  
  47  4:51  Extractor  
  54  4:54  Extractor  
  53  5:00  Spore Crawler  
  52  5:08  Drone  
  52  5:10  Drone x2  
  52  5:13  Drone  
  56  5:32  Lair  
  56  5:35  Roach x8  
  72  5:46  Overlord x3  
  63  6:15  Roach x10  
  65  6:45  Roach x10  
  53  6:55  Zergling x2  
Show
View Real Time Build Order
Export as new Build Order

Slaight Protoss - Winner!

Build Orders: 1 Gate Expand 

Get SALT Encoding   

  12  0:01  Probe  
  13  0:13  Probe  
  14  0:18  Pylon  
  14  0:25  Assimilator  
  14  0:29  Probe  
  15  0:46  Gateway  
  15  0:49  Probe (Chrono Boost)  
  16  1:00  Probe (Chrono Boost)  
  17  1:05  Probe (Chrono Boost)  
  18  1:15  Probe  
  19  1:27  Nexus  
  19  1:38  Probe  
  20  1:46  Cybernetics Core  
  20  1:52  Assimilator  
  20  1:55  Pylon  
  20  1:56  Probe  
  21  2:08  Probe  
  21  2:20  Probe  
  22  2:25  Robotics Facility  
  22  2:30  Adept (Chrono Boost)  
  22  2:32  Probe  
  25  2:42  Probe  
  26  2:44  Probe  
  26  2:49  Warp Gate  
  27  2:53  Stalker  
  29  3:03  Probe  
  30  3:11  Pylon  
  30  3:16  Pylon  
  30  3:17  Twilight Council  
  30  3:19  Probe x2  
  32  3:27  Immortal (Chrono Boost)  
  36  3:50  Probe x2  
  36  3:56  Charge  
  36  4:12  Gateway  
  36  4:13  Immortal (Chrono Boost)  
  36  4:14  Gateway  
  40  4:28  Probe x2  
  40  4:30  Pylon  
  42  4:32  Gateway  
  42  4:35  Gateway  
  42  4:39  Gateway  
  42  4:45  Warp Prism  
  44  5:07  Pylon  
  44  5:15  Pylon  
  44  5:32  Pylon  
  44  5:34  Pylon  
  44  5:35  Pylon  
  44  5:36  Zealot x6  
  56  5:57  Zealot x4  
  61  6:11  Zealot x2  
  56  6:27  Zealot x4  
  64  6:38  Zealot x2  
  60  6:54  Zealot x4  
Tags
 
Add a new tag
Caveats
  • Supply blocks, unpowered buildings, or Contaminate may cause inaccurate times.
  • Supply counts are checked every 10 seconds.